 Dungeon Crawl Stone Soup version 0.19.4-8-ga85b6b9 (webtiles) character file.

19559 winWinterter the Spear-Bearer (level 13, -5/105 HPs)
             Began as a Formicid Fighter on Feb 14, 2017.
             Was a High Priest of Okawaru.
             Slain by an entropy weaver (15 damage)
             ... on level 5 of the Lair of Beasts.
             The game lasted 00:37:35 (11273 turns).

winWinterter the Spear-Bearer (Formicid Fighter)   Turns: 11273, Time: 00:37:36

Health: -5/105     AC:  0    Str: 23    XL:     13   Next: 5%
Magic:  14/18      EV: 21    Int: 13    God:    Okawaru [*****.]
Gold:   922        SH: 18    Dex: 14    Spells: 2 memorised, 10 levels left

rFire  . . .     SeeInvis +     e - +3 spear (venom)
rCold  + . .     Gourm    .     a - +2 ring mail of the Secret Wonders {Regen+ Int+4}
rNeg   + . .     Faith    .     c - +0 shield
rPois  .         Spirit   .     (helmet unavailable)
rElec  .         Reflect  +     y - +1 cloak
rCorr  .         Harm     .     I - +2 pair of gloves of the Inquisitive Mice {rN+}
MR     +....                    H - +2 pair of boots {run}
Stlth  ++........               i - +4 amulet of reflection
                                V - ring of protection from cold
                                K - +4 ring of evasion

@: heroism, finesse, corroded, quick
A: permanent stasis, dig shafts and tunnels, four strong arms, antennae 3,
strong 1
a: Dig, Shaft Self, Heroism, Finesse, Renounce Religion


You were on level 5 of the Lair of Beasts.
You worshipped Okawaru.
Okawaru was extremely pleased with you.
You were not hungry.

You visited 3 branches of the dungeon, and saw 14 of its levels.
You also visited: Labyrinth.

You collected 922 gold pieces.

Inventory:

Hand Weapons
 e - a +3 spear of venom (weapon)
 k - the +5 whip "Hududd" {speed, rF- rN+ Str+2}
   (You found it on level 5 of the Dungeon)

   Attacks with this weapon are significantly faster.
   It affects your strength (+2).
   It makes you vulnerable to fire.
   It protects you from negative energy.
 M - a +0 triple sword
 X - a +2 mace of protection
Armour
 a - the +2 ring mail of the Secret Wonders (worn) {Regen+ Int+4}
   (You found it in a labyrinth)

   It affects your intelligence (+4).
   It increases your rate of regeneration.
 c - a +0 shield (worn)
 y - a +1 cloak (worn)
 H - a +2 pair of boots of running (worn)
 I - the +2 pair of gloves of the Inquisitive Mice (worn) {rN+}
   (Okawaru gifted it to you on level 3 of the Lair of Beasts)

   It protects you from negative energy.
 J - a +1 chain mail of fire resistance
 S - the +5 robe of Night {Dark MR+ SInv}
   (You took it off a minotaur in a labyrinth)

   It affects your resistance to hostile enchantments.
   It lets you see invisible.
Jewellery
 i - a +4 amulet of reflection (around neck)
 m - an uncursed ring of fire
 A - an uncursed amulet of regeneration
 C - an uncursed ring of ice
 F - an uncursed amulet of faith {unknown}
 K - a +4 ring of evasion (left hand)
 V - a ring of protection from cold (right hand)
Wands
 g - a wand of flame (27/48)
 n - a wand of lightning (15/15)
 q - a wand of teleportation (2/9)
 u - a wand of flame (26/48)
 L - a wand of iceblast (1/15)
 R - a wand of confusion (20/48)
 W - a wand of flame (26/48)
Scrolls
 b - a scroll of noise
 h - a scroll of identify
 l - 3 scrolls of magic mapping
 o - 2 scrolls of fog
 s - 5 scrolls of enchant armour
 t - 4 scrolls of remove curse
 w - a scroll of amnesia
 x - a scroll of enchant weapon
 D - a scroll of acquirement
Potions
 p - 8 potions of curing
 v - a potion of magic
 N - a potion of flight
 P - a potion of heal wounds {unknown}
 Q - a potion of brilliance
 Y - a potion of ambrosia {unknown}
Books
 r - a book of Maledictions

   Spells                             Type                      Level
   a - Corona                         Hexes                        1
   b - Ensorcelled Hibernation        Hexes/Ice                    2
   c - Confuse                        Hexes                        3
   d - Tukima's Dance                 Hexes                        3
   e - Dazzling Spray                 Conjuration/Hexes            3
 O - a book of Battle

   Spells                             Type                      Level
   a - Infusion                       Charms                       1
   b - Shroud of Golubria             Charms/Translocation         2
   c - Song of Slaying                Charms                       2
   d - Spectral Weapon                Hexes/Charms                 3
   e - Regeneration                   Charms/Necromancy            3
 U - a book of the Sky

   Spells                             Type                      Level
   a - Summon Lightning Spire         Summoning/Air                4
   b - Airstrike                      Air                          4
   c - Silence                        Hexes/Air                    5
   d - Deflect Missiles               Charms/Air                   6
   e - Conjure Ball Lightning         Conjuration/Air              6
   f - Tornado                        Air                          9
Comestibles
 d - 3 fruits
 f - 5 bread rations
 j - a royal jelly
 z - 4 meat rations
 B - a slice of pizza
 E - a beef jerky


   Skills:
 * Level 10.9(15.9) Fighting
   Level 2.0(13.5) Axes
 + Level 12.5(17.6) Polearms
 + Level 7.6(12.6) Armour
 + Level 4.2(9.2) Dodging
 - Level 0.3(5.3) Stealth
 * Level 10.1(15.1) Shields
 * Level 1.6 Spellcasting
 * Level 1.6 Charms
 - Level 7.5 Invocations
 + Level 0.4 Evocations


You had 10 spell levels left.
You knew the following spells:

 Your Spells              Type           Power        Failure   Level  Hunger
a - Song of Slaying       Chrm           #.......     30%         2    ###....
b - Regeneration          Chrm/Necr      #.........   83%         3    ####...


Dungeon Overview and Level Annotations

Branches:
Dungeon (8/15)             Temple (1/1) D:4            Lair (5/6) D:8
 Shoals (0/4) Lair:2       Spider (0/4) Lair:4
  Slime: Lair:5-6

Altars:
Ashenzari
Cheibriados
Dithmenos
Elyvilon
Fedhas
Gozag
Hepliaklqana
Kikubaaqudgha
Makhleb
Nemelex Xobeh
Okawaru
Qazlal
Ru
Sif Muna
Trog
Uskayaw
Vehumet
Xom
Yredelemnul
Zin
The Shining One


Innate Abilities, Weirdness & Mutations

You are under a permanent stasis effect.
You can dig through walls and to a lower floor.
Your four strong arms can wield two-handed weapons with a shield.
You have a pair of large antennae on your head. (SInv)
Your muscles are strong. (Str +2)


Message History

You feel better. The entropy weaver hits you.
You block the entropy weaver's attack. The entropy weaver hits you.
The entropy weaver hits you!
* * * LOW HITPOINT WARNING * * *
You feel better. The entropy weaver closely misses you.
You block the entropy weaver's attack. The entropy weaver misses you.
The entropy weaver hits you.
* * * LOW HITPOINT WARNING * * *
Press: ? - help, v - describe, . - travel A rock wall.
Unknown command.
Okay, then.
Put on which piece of jewellery? (? for menu, Esc to quit)
Okay, then.
Unknown command.
Okay, then.
The entropy weaver hits you!
* * * LOW HITPOINT WARNING * * *
The entropy weaver hits you!
You die...

.............#####
.............#.#..
..................
.................# ##
####...............#.
...#..................#
......#.#............##
..............(......#
#...@............##
#.a.##..#a...........#
.{. #..##.#.........#
{a.###.#†###........## {{
..#####†#..........##
##{.{##.###.#.P..#...##
{{#....{##.######P#.#...#
{ #...##{## #####...#
#.#.#############...


You could see an entropy weaver.

Vanquished Creatures
  A minotaur (Lab)
  2 hydras
  Pikel (D:5)
  An orb spider (Lair:4)
  An ugly thing (D:8)
  An elephant (D:8)
  Joseph (D:7)
  A torpor snail (Lair:2)
  5 black mambas
  4 spiny frogs
  4 komodo dragons
  A hornet (Lair:2)
  Grinder (D:3)
  6 blink frogs
  7 hippogriffs
  A dream sheep (Lair:2)
  The ghost of Lluna the Skirmisher, an amateur HOFi of Beogh (D:4)
  3 basilisks
  16 yaks (Lair:2)
  12 porcupines
  A soldier ant (Lair:5)
  A water moccasin (Lair:2)
  Duvessa (D:4)
  A black bear (D:8)
  An orc warrior (D:7)
  An ice beast (D:8)
  A slave (D:5)
  A necrophage (D:8)
  2 sky beasts
  A phantom (D:4)
  A hornet zombie (D:8)
  4 ogres
  8 crocodiles
  5 wolves (Lair:1)
  2 centaurs
  11 bullfrogs
  A water moccasin zombie (D:7)
  Dowan (D:4)
  2 scorpions
  A water moccasin skeleton (D:4)
  5 killer bees (D:4)
  3 crimson imps
  A quasit (D:8)
  4 hounds
  An orc priest (D:7)
  A centaur skeleton (D:8)
  Jessica (D:3)
  8 worker ants
  3 iguanas
  4 orc wizards
  A mummy (D:5)
  7 gnolls
  4 adders
  A howler monkey skeleton (D:4)
  An adder skeleton (D:4)
  An adder zombie (D:7)
  3 worms
  A dart slug (D:2)
  3 leopard geckos
  19 orcs
  6 giant cockroaches
  4 goblins
  8 hobgoblins
  8 jackals
  7 kobolds
  3 quokkas
  2 ball pythons
  9 bats
  4 frilled lizards
  A leopard gecko skeleton (D:7)
  A quokka zombie (D:7)
  7 rats
249 creatures vanquished.

Vanquished Creatures (others)
  A fungus (Lair:2)
1 creature vanquished.

Grand Total: 250 creatures vanquished

Notes
Turn   | Place    | Note
-------+----------+-------------------------------------------
     0 | D:1      | winWinterter the Formicid Fighter began the quest for the Orb.
     0 | D:1      | Reached XP level 1. HP: 18/18 MP: 1/1
   353 | D:2      | Found an iron altar of Okawaru.
   365 | D:2      | Reached XP level 2. HP: 24/24 MP: 2/2
   377 | D:2      | Reached skill level 1 in Polearms
   377 | D:2      | Reached XP level 3. HP: 25/30 MP: 3/3
   455 | D:2      | Found a glowing golden altar of the Shining One.
   582 | D:2      | Reached XP level 4. HP: 37/37 MP: 4/4
   626 | D:2      | Reached skill level 2 in Polearms
   821 | D:3      | Noticed Jessica
   827 | D:3      | Killed Jessica
   845 | D:3      | Noticed Grinder
   854 | D:3      | Killed Grinder
   854 | D:3      | Reached skill level 4 in Polearms
   854 | D:3      | Reached XP level 5. HP: 36/42 MP: 5/5
   854 | D:3      | Reached XP level 6. HP: 41/48 MP: 6/6
  1895 | D:4      | Reached XP level 7. HP: 41/55 MP: 7/7
  1952 | D:4      | Reached skill level 5 in Polearms
  1958 | D:4      | Found an opulent altar of Gozag.
  2138 | D:4      | Found a bloodstained altar of Trog.
  2294 | D:4      | Found a staircase to the Ecumenical Temple.
  2306 | Temple   | Entered the Ecumenical Temple
  2621 | D:4      | Noticed Lluna's ghost (amateur HOFi)
  2633 | D:5      | Entered Level 5 of the Dungeon
  2649 | D:5      | Gained mutation: Your muscles are strong. (Str +2) [potion of beneficial mutation]
  2669 | D:5      | Found a radiant altar of Vehumet.
  2828 | D:5      | Found a blossoming altar of Fedhas.
  2952 | D:5      | Reached skill level 6 in Polearms
  2952 | D:5      | Reached skill level 1 in Dodging
  2952 | D:5      | Reached skill level 5 in Shields
  2960 | D:5      | Found a snail-covered altar of Cheibriados.
  2985 | D:5      | Reached XP level 8. HP: 55/61 MP: 8/8
  2986 | D:5      | Noticed Pikel
  3010 | D:5      | Killed Pikel
  3010 | D:5      | Reached skill level 5 in Fighting
  3010 | D:5      | Reached skill level 7 in Polearms
  3181 | D:2      | Became a worshipper of Warmaster Okawaru
  3288 | D:4      | Noticed Duvessa
  3289 | D:4      | Noticed Dowan
  3306 | D:4      | Killed Duvessa
  3313 | D:4      | Killed Dowan
  3391 | D:4      | Killed Lluna's ghost
  3391 | D:4      | Reached XP level 9. HP: 65/68 MP: 9/9
  3422 | D:4      | Reached skill level 5 in Armour
  3486 | D:4      | Reached * piety under Okawaru
  3486 | D:4      | Reached skill level 8 in Polearms
  4158 | D:4      | Found a sacrificial altar of Ru.
  4759 | D:6      | Found a burning altar of Makhleb.
  4809 | D:6      | Reached skill level 1 in Invocations
  4883 | D:7      | Reached ** piety under Okawaru
  4889 | D:7      | Reached skill level 9 in Polearms
  4980 | D:7      | Noticed Joseph
  5004 | D:7      | Killed Joseph
  5004 | D:7      | Reached XP level 10. HP: 72/77 MP: 11/11
  5671 | D:8      | Found a white marble altar of Elyvilon.
  5773 | D:8      | Noticed a green ugly thing
  5774 | D:8      | Noticed an elephant
  5793 | D:8      | Killed a green ugly thing
  5793 | D:8      | Reached *** piety under Okawaru
  5793 | D:8      | Reached skill level 10 in Polearms
  5810 | D:8      | Killed an elephant
  5844 | D:8      | Found a staircase to the Lair.
  6063 | D:8      | Found Tanamp's Distillery.
  6172 | D:8      | Found a basalt altar of Yredelemnul.
  6767 | Lair:1   | Entered Level 1 of the Lair of Beasts
  6919 | Lair:1   | Reached **** piety under Okawaru
  7089 | D:5      | Got a steaming whip
  7090 | D:5      | Identified the +5 whip "Hududd" {speed, rF- rN+ Str+2} (You found it on level 5 of the Dungeon)
  7257 | Lair:1   | Reached XP level 11. HP: 81/86 MP: 14/14
  7409 | Lair:1   | Reached skill level 5 in Invocations
  7468 | Lair:1   | Reached skill level 11 in Polearms
  7477 | Lair:1   | Reached ***** piety under Okawaru
  7972 | Lair:1   | You fall through a shaft!
  7973 | Lair:2   | Identified 2 scrolls of acquirement
  7987 | Lair:2   | Identified a +2 pair of boots of running (You acquired it on level 2 of the Lair of Beasts)
  8226 | Lair:2   | Received a gift from Okawaru
  8494 | Lair:2   | Reached XP level 12. HP: 97/97 MP: 16/16
  8710 | Lair:2   | Reached skill level 12 in Polearms
  8809 | Lair:2   | Found a staircase to the Shoals.
  8810 | Lair:2   | Noticed a seven-headed hydra
  8834 | Lair:2   | Killed a seven-headed hydra
  8984 | Lair:2   | Reached skill level 10 in Fighting
  9230 | Lair:3   | Noticed a four-headed hydra
  9276 | Lair:3   | Killed a four-headed hydra
  9467 | Lair:3   | Found a labyrinth entrance.
  9487 | Lab      | Entered a labyrinth
  9537 | Lab      | Noticed a minotaur
  9548 | Lab      | Killed a minotaur
  9583 | Lab      | Got a transparent ring mail
  9594 | Lab      | Identified the +2 ring mail of the Secret Wonders {Regen+ Int+4} (You found it in a labyrinth)
 10068 | Lair:3   | Received a gift from Okawaru
 10069 | Lair:3   | Got a pair of dazzling gloves {god gift}
 10080 | Lair:3   | Identified the +2 pair of gloves of the Inquisitive Mice {rN+} (Okawaru gifted it to you on level 3 of the Lair of Beasts)
 10090 | Lair:3   | Learned a level 2 spell: Song of Slaying
 10094 | Lair:3   | Learned a level 3 spell: Regeneration
 10393 | Lair:4   | Reached skill level 1 in Spellcasting
 10393 | Lair:4   | Reached skill level 1 in Charms
 10727 | Lair:4   | Found a hole to the Spider Nest.
 10817 | Lair:4   | Reached skill level 10 in Shields
 10817 | Lair:4   | Reached XP level 13. HP: 92/105 MP: 18/18
 11196 | Lair:5   | Noticed an entropy weaver
 11273 | Lair:5   | Slain by an entropy weaver

Skill      XL: |  1  2  3  4  5  6  7  8  9 10 11 12 |
---------------+-------------------------------------+-----
Polearms       | 1 4 6 7 9 10 11 12 | 12.5
Shields        | 4 5 6 7 8 10 | 10.1
Fighting       | 4 5 6 8 9 10 | 10.9
Armour         | 4 5 6 7 |  7.6
Dodging        | 1 2 3 4 |  4.2
Invocations    | 2 4 6 7 |  7.5
Spellcasting   | 1 |  1.6
Charms         | 1 |  1.6
Axes           | |  2.0
Stealth        | |  0.3
Evocations     | |  0.4

Action                   |  1- 3 |  4- 6 |  7- 9 | 10-12 | 13-15 || total
-------------------------+-------+-------+-------+-------+-------++-------
Melee: Spear             |    74 |    90 |   348 |   918 |    73 ||  1503
Invok: Heroism           |       |       |       |     5 |     1 ||     6
       Finesse           |       |       |       |     1 |     1 ||     2
 Abil: Dig               |       |       |     2 |     2 |     2 ||     6
Evoke: Wand              |       |       |       |     2 |       ||     2
  Use: Scroll            |       |     3 |    11 |     8 |       ||    22
       Potion            |       |     1 |     6 |     3 |     2 ||    12
  Eat: Chunk             |       |     3 |     4 |    17 |     2 ||    26
       Beef jerky        |       |       |     3 |       |       ||     3
       Fruit             |       |       |     2 |       |       ||     2
       Royal jelly       |       |       |       |     1 |       ||     1
Armor: Scale mail        |    22 |    25 |    41 |    77 |       ||   165
       Chain mail        |       |       |       |    74 |       ||    74
       Robe              |       |       |       |     7 |       ||     7
       Ring mail         |       |       |       |       |    10 ||    10
Dodge: Dodged            |    14 |    22 |    62 |   150 |    18 ||   266
Block: Shield            |    23 |    33 |   111 |   261 |    46 ||   474
